[Event "FIDE WSTC Open 65 2025"]
[Site "Prague"]
[Date "2025.02.20"]
[Round "4.29"]
[White "Kiss, Attila"]
[Black "Jurek, Josef"]
[Result "1/2-1/2"]
[Annotator "ChessBase"]
[ECO "C03"]
[WhiteElo "2276"]
[BlackElo "2160"]
[PlyCount "27"]
[EventDate "2025.02.17"]
[EventType "team-tourn"]
[EventCountry "CZE"]
[SourceTitle "playchess.com"]
[Source "ChessBase"]
[SourceQuality "1"]
[TimeControl "40/5400+30:1800+30"]

1. e4 e6 2. d4 d5 3. Nd2 Be7 4. e5 c5 5. c3 cxd4 6. cxd4 Qb6 7. Ndf3 Bb4+ 8. Bd2 Nc6 9. Bc3 Bd7 10. a3 Bxc3+ 11. bxc3 f6 12. exf6 Nxf6 13. Bd3 O-O 14. Ne2 1/2-1/2

[Event "FIDE WSTC Open 65 2025"]
[Site "Prague"]
[Date "2025.02.20"]
[Round "4.30"]
[White "Hosticka, Frantisek"]
[Black "Nemeth, Zoltan"]
[Result "1/2-1/2"]
[Annotator "ChessBase"]
[ECO "C20"]
[WhiteElo "2059"]
[BlackElo "2192"]
[PlyCount "68"]
[EventDate "2025.02.17"]
[EventType "team-tourn"]
[EventCountry "CZE"]
[SourceTitle "playchess.com"]
[Source "ChessBase"]
[SourceQuality "1"]
[TimeControl "40/5400+30:1800+30"]

1. e4 e5 2. Bb5 Bc5 3. Nf3 a6 4. Ba4 b5 5. Bb3 d6 6. c3 Nf6 7. d3 Qe7 8. Nbd2 O-O 9. O-O Be6 10. Re1 Nbd7 11. Nf1 h6 12. Ng3 Kh7 13. d4 Bb6 14. h3 Bxb3 15. Qxb3 g6 16. a4 c6 17. Be3 Rab8 18. Qd1 c5 19. a5 Bc7 20. Qd2 Ng8 21. Qd3 Rfd8 22. b4 c4 23. Qc2 Nf8 24. d5 Nd7 25. Rf1 Rf8 26. Nh2 Rbe8 27. Rae1 Bb8 28. Ng4 Ndf6 29. f3 Nh5 30. Nxh5 gxh5 31. Nh2 Ba7 32. Qf2 Bxe3 33. Qxe3 f5 34. exf5 Rxf5 1/2-1/2

[Event "FIDE WSTC Open 65 2025"]
[Site "Prague"]
[Date "2025.02.20"]
[Round "4.31"]
[White "Hardicsay, Peter"]
[Black "Groh, Jiri"]
[Result "1/2-1/2"]
[Annotator "ChessBase"]
[ECO "D53"]
[WhiteElo "2164"]
[BlackElo "1989"]
[PlyCount "34"]
[EventDate "2025.02.17"]
[EventType "team-tourn"]
[EventCountry "CZE"]
[SourceTitle "playchess.com"]
[Source "ChessBase"]
[SourceQuality "1"]
[TimeControl "40/5400+30:1800+30"]

1. d4 d5 2. c4 e6 3. Nc3 Nf6 4. Bg5 Be7 5. e3 h6 6. Bh4 O-O 7. Qc2 b6 8. cxd5 exd5 9. Bd3 Bb7 10. Nge2 Nbd7 11. O-O c5 12. Rad1 Ne4 13. Bxe7 Qxe7 14. Ng3 Nxg3 15. hxg3 Nf6 16. Rfe1 a6 17. dxc5 bxc5 1/2-1/2

[Event "FIDE WSTC Open 65 2025"]
[Site "Prague"]
[Date "2025.02.20"]
[Round "4.32"]
[White "Slechta, Karel"]
[Black "Glatt, Gabor"]
[Result "1/2-1/2"]
[Annotator "NA"]
[ECO "B83"]
[WhiteElo "1874"]
[BlackElo "2146"]
[PlyCount "51"]
[EventDate "2025.02.17"]
[EventType "team-tourn"]
[EventCountry "CZE"]
[SourceTitle "playchess.com"]
[Source "ChessBase"]
[SourceQuality "1"]
[TimeControl "40/5400+30:1800+30"]

1. e4 c5 2. Nf3 d6 3. d4 cxd4 4. Nxd4 Nf6 5. Nc3 Nc6 6. Be2 e6 7. Be3 Be7 8. Qd2 a6 9. f4 Qc7 10. O-O-O Bd7 11. g4 Nxd4 12. Bxd4 e5 13. Be3 Bc6 14. Bf3 Nd7 15. f5 Rc8 16. h4 b5 17. a3 Nb6 18. Bxb6 Qxb6 19. Kb1 O-O 20. g5 Rfd8 21. Rhg1 Qb7 22. h5 Bf8 23. f6 Rb8 24. Nd5 Bxd5 25. Qxd5 b4 26. Qxb7 1/2-1/2

[Event "FIDE WSTC Open 65 2025"]
[Site "Prague"]
[Date "2025.02.20"]
[Round "4.33"]
[White "Pribyl, Josef"]
[Black "Andreasen, Per Naesby"]
[Result "1/2-1/2"]
[Annotator "ChessBase"]
[ECO "B08"]
[WhiteElo "2184"]
[BlackElo "2233"]
[PlyCount "75"]
[EventDate "2025.02.17"]
[EventType "team-tourn"]
[EventCountry "CZE"]
[SourceTitle "playchess.com"]
[Source "ChessBase"]
[SourceQuality "1"]
[TimeControl "40/5400+30:1800+30"]

1. d4 g6 2. e4 Bg7 3. Nc3 d6 4. Nf3 Nf6 5. Be2 O-O 6. O-O Bg4 7. Be3 Nc6 8. Qd2 e5 9. dxe5 dxe5 10. Rad1 Qxd2 11. Rxd2 Rfd8 12. Rfd1 Rxd2 13. Rxd2 a6 14. h3 Bxf3 15. Bxf3 Kf8 16. g4 Nd4 17. Bg2 Ne6 18. a4 Ke8 19. Nd5 Nd7 20. c3 Rd8 21. b4 c6 22. Nb6 Nxb6 23. Rxd8+ Kxd8 24. Bxb6+ Kd7 25. h4 h6 26. Kh2 Bf6 27. Kg3 g5 28. h5 Bd8 29. Be3 c5 30. Bf1 Be7 31. b5 a5 32. Bc4 b6 33. Kf3 f6 34. Ke2 Kd6 35. Kd1 Bd8 36. Kc2 Nf4 37. Kb3 Bc7 38. Bf1 1/2-1/2

[Event "FIDE WSTC Open 65 2025"]
[Site "Prague"]
[Date "2025.02.20"]
[Round "4.34"]
[White "Mikkelsen, Peter Jorgen Dam"]
[Black "Babula, Milan"]
[Result "1/2-1/2"]
[Annotator "NA"]
[ECO "A07"]
[WhiteElo "2112"]
[BlackElo "2077"]
[PlyCount "45"]
[EventDate "2025.02.17"]
[EventType "team-tourn"]
[EventCountry "CZE"]
[SourceTitle "playchess.com"]
[Source "ChessBase"]
[SourceQuality "1"]
[TimeControl "40/5400+30:1800+30"]

1. Nf3 d5 2. g3 c6 3. Bg2 Bf5 4. d3 Nf6 5. O-O h6 6. b3 e6 7. Bb2 Be7 8. Nbd2 O-O 9. Re1 Bh7 10. e4 a5 11. a4 Na6 12. e5 Nd7 13. Qe2 Nb4 14. Nf1 b5 15. Ne3 bxa4 16. Rxa4 Nb6 17. Ra3 a4 18. Rea1 axb3 19. Rxb3 Rxa1+ 20. Bxa1 Qa8 21. Rb1 Rb8 22. Bc3 Na4 23. Be1 1/2-1/2

[Event "FIDE WSTC Open 65 2025"]
[Site "Prague"]
[Date "2025.02.20"]
[Round "4.35"]
[White "Vrana, Frantisek"]
[Black "Mortensen, John"]
[Result "1-0"]
[Annotator "NA"]
[ECO "B70"]
[WhiteElo "2115"]
[BlackElo "1983"]
[PlyCount "83"]
[EventDate "2025.02.17"]
[EventType "team-tourn"]
[EventCountry "CZE"]
[SourceTitle "playchess.com"]
[Source "ChessBase"]
[SourceQuality "1"]
[TimeControl "40/5400+30:1800+30"]

1. e4 c5 2. Nf3 Nc6 3. Nc3 g6 4. d4 cxd4 5. Nxd4 Bg7 6. Nde2 Nf6 7. g3 O-O 8. Bg2 d6 9. O-O Qa5 10. Nd5 Bd7 11. Bd2 Qd8 12. a4 Rc8 13. h3 Ne5 14. b3 Bc6 15. Be3 b6 16. Nd4 Ba8 17. Nb5 Nc6 18. Rc1 Nd7 19. c4 a5 20. Rc2 Nc5 21. Rd2 Nb4 22. Re1 Bxd5 23. exd5 Nba6 24. Rde2 Re8 25. Bg5 f6 26. Bf4 Qd7 27. h4 Ra8 28. Nd4 Nb4 29. Re3 f5 30. Nc6 Bf6 31. Qd2 Nca6 32. Re6 Nc5 33. R6e3 Nca6 34. h5 Qc7 35. Re6 Qd7 36. g4 fxg4 37. hxg6 hxg6 38. Qe2 Nc7 39. Qxg4 Kf8 40. Qxg6 Nxc6 41. Bh6+ Bg7 42. Qxg7# 1-0

[Event "FIDE WSTC Open 65 2025"]
[Site "Prague"]
[Date "2025.02.20"]
[Round "4.36"]
[White "Cordes, Steffen"]
[Black "Cesal, Jaroslav"]
[Result "1/2-1/2"]
[Annotator "NA"]
[ECO "B35"]
[WhiteElo "1943"]
[BlackElo "2049"]
[PlyCount "34"]
[EventDate "2025.02.17"]
[EventType "team-tourn"]
[EventCountry "CZE"]
[SourceTitle "playchess.com"]
[Source "ChessBase"]
[SourceQuality "1"]
[TimeControl "40/5400+30:1800+30"]

1. e4 c5 2. Nc3 g6 3. Nf3 Bg7 4. d4 cxd4 5. Nxd4 Nc6 6. Be3 Nf6 7. Bc4 Ng4 8. Qxg4 Nxd4 9. Qd1 Ne6 10. Qd2 d6 11. O-O-O Bd7 12. Kb1 Rc8 13. Bb3 Qa5 14. Nd5 Qxd2 15. Rxd2 Nc5 16. f3 h6 17. Bd4 Bxd4 1/2-1/2

[Event "FIDE WSTC Open 65 2025"]
[Site "Prague"]
[Date "2025.02.20"]
[Round "4.37"]
[White "Heinig, Wolfram"]
[Black "Primbetov, Marat"]
[Result "1/2-1/2"]
[Annotator "ChessBase"]
[ECO "A45"]
[WhiteElo "2204"]
[BlackElo "2103"]
[PlyCount "36"]
[EventDate "2025.02.17"]
[EventType "team-tourn"]
[EventCountry "CZE"]
[SourceTitle "playchess.com"]
[Source "ChessBase"]
[SourceQuality "1"]
[TimeControl "40/5400+30:1800+30"]

1. d4 Nf6 2. Bg5 e6 3. e4 Be7 4. e5 Nd5 5. Bxe7 Qxe7 6. c4 Nb6 7. Nc3 d6 8. exd6 cxd6 9. Nf3 Nc6 10. Bd3 e5 11. O-O O-O 12. Re1 Bg4 13. dxe5 Nxe5 14. Be2 Bxf3 15. Bxf3 Nbxc4 16. Be4 Qh4 17. g3 Qh6 18. b3 Na5 1/2-1/2

[Event "FIDE WSTC Open 65 2025"]
[Site "Prague"]
[Date "2025.02.20"]
[Round "4.38"]
[White "Nasybullin, Vladislav"]
[Black "Volkmer, Andreas"]
[Result "0-1"]
[Annotator "RC"]
[ECO "A36"]
[WhiteElo "2339"]
[BlackElo "2173"]
[PlyCount "88"]
[EventDate "2025.02.17"]
[EventType "team-tourn"]
[EventCountry "CZE"]
[SourceTitle "playchess.com"]
[Source "ChessBase"]
[SourceQuality "1"]
[TimeControl "40/5400+30:1800+30"]

1. c4 g6 2. Nc3 Bg7 3. g3 d6 4. Bg2 c5 5. e3 Nc6 6. Nge2 h5 7. h3 Nf6 8. O-O Bd7 9. d4 cxd4 10. exd4 O-O 11. Re1 Bf5 12. Qa4 Rc8 13. Be3 Na5 14. b3 a6 15. Rac1 Bd7 16. Qb4 Nc6 17. Qa3 Rb8 18. Red1 a5 19. Qb2 Bf5 20. a3 Nh7 21. f4 Qc8 22. d5 Nd8 23. Kh2 Nf6 24. Qd2 Re8 25. Nd4 Bd7 26. Ncb5 Ra8 27. Re1 Ra6 28. Bf2 Bf5 29. Nxf5 gxf5 30. Bf3 Qd7 31. Bd4 Ra8 32. Bb6 Rc8 33. Bxa5 e6 34. dxe6 Rxe6 35. Rxe6 Nxe6 36. Nxd6 Ra8 37. c5 h4 38. Nxf5 hxg3+ 39. Kxg3 Rxa5 40. Qxa5 Qd3 41. Ne7+ Kh7 42. c6 Nd4 43. Qe5 Qxf3+ 44. Kh2 Ng4+ 0-1

[Event "FIDE WSTC Open 65 2025"]
[Site "Prague"]
[Date "2025.02.20"]
[Round "4.39"]
[White "Schulz, Michael"]
[Black "Baimurzin, Aitkazy"]
[Result "0-1"]
[Annotator "ChessBase"]
[ECO "B06"]
[WhiteElo "2115"]
[BlackElo "1997"]
[PlyCount "72"]
[EventDate "2025.02.17"]
[EventType "team-tourn"]
[EventCountry "CZE"]
[SourceTitle "playchess.com"]
[Source "ChessBase"]
[SourceQuality "1"]
[TimeControl "40/5400+30:1800+30"]

1. d4 d6 2. e4 Nf6 3. Nc3 a6 4. a4 g6 5. Be2 Bg7 6. h3 O-O 7. Nf3 b6 8. Bg5 Bb7 9. e5 Nfd7 10. exd6 cxd6 11. Qd2 Re8 12. O-O Nf6 13. Bh6 Bh8 14. Rad1 Nbd7 15. Ng5 Qc7 16. f4 e6 17. Bf3 d5 18. g4 Rad8 19. Bg2 Bc6 20. f5 e5 21. Nxf7 Kxf7 22. fxg6+ hxg6 23. g5 e4 24. gxf6 Re6 25. Bf4 Qa7 26. Be5 Bxf6 27. Qh6 Rg8 28. h4 Nxe5 29. dxe5 b5+ 30. Kh1 Rxe5 31. Nxe4 dxe4 32. Rd6 Re6 33. Qf4 Qe7 34. Rfd1 Rh8 35. Rxe6 Qxe6 36. Qc7+ Be7 0-1

[Event "FIDE WSTC Open 65 2025"]
[Site "Prague"]
[Date "2025.02.20"]
[Round "4.40"]
[White "Blokhin, Alexey"]
[Black "Raitza, Olaf"]
[Result "1/2-1/2"]
[Annotator "NA"]
[ECO "B03"]
[WhiteElo "1829"]
[BlackElo "2037"]
[PlyCount "100"]
[EventDate "2025.02.17"]
[EventType "team-tourn"]
[EventCountry "CZE"]
[SourceTitle "playchess.com"]
[Source "ChessBase"]
[SourceQuality "1"]
[TimeControl "40/5400+30:1800+30"]

1. e4 Nf6 2. e5 Nd5 3. c4 Nb6 4. d4 d6 5. exd6 exd6 6. Nc3 Be7 7. Nf3 O-O 8. Be2 Be6 9. d5 Bf5 10. O-O Bf6 11. Nd4 Bxd4 12. Qxd4 N8d7 13. b3 Qf6 14. Qxf6 Nxf6 15. Nb5 a6 16. Nd4 Bd7 17. h3 Rae8 18. Bd3 h6 19. Bd2 Re7 20. Rfe1 Rfe8 21. Rxe7 Rxe7 22. Re1 Nc8 23. Rxe7 Nxe7 24. Ba5 b6 25. Bd2 Bc8 26. f4 h5 27. Kf2 g6 28. Ke3 Bf5 29. Be2 Bb1 30. a3 Nf5+ 31. Nxf5 Bxf5 32. Bc3 Nd7 33. g4 hxg4 34. hxg4 Bc2 35. b4 f5 36. g5 Be4 37. Kd4 Kf7 38. Bd2 Ke7 39. Be3 Kf7 40. Bd1 Ke7 41. Ba4 Bf3 42. Bd2 Be2 43. Bc6 Nb8 44. Bb7 Kd7 45. a4 Bf3 46. c5 b5 47. axb5 axb5 48. Ke3 Be4 49. c6+ Kd8 50. Kd4 Bg2 1/2-1/2

[Event "FIDE WSTC Open 65 2025"]
[Site "Prague"]
[Date "2025.02.20"]
[Round "4.41"]
[White "Roos, Jean-Luc"]
[Black "Urban, Zdenek"]
[Result "1-0"]
[Annotator "ChessBase"]
[ECO "B33"]
[WhiteElo "2165"]
[BlackElo "2155"]
[PlyCount "73"]
[EventDate "2025.02.17"]
[EventType "team-tourn"]
[EventCountry "CZE"]
[SourceTitle "playchess.com"]
[Source "ChessBase"]
[SourceQuality "1"]
[TimeControl "40/5400+30:1800+30"]

1. e4 c5 2. Nf3 Nc6 3. d4 cxd4 4. Nxd4 Nf6 5. Nc3 e5 6. Ndb5 d6 7. Bg5 a6 8. Na3 b5 9. Nd5 Be6 10. c4 b4 11. Nc2 Be7 12. Nxe7 Kxe7 13. Bd3 h6 14. Be3 Qc7 15. O-O g5 16. Bd2 Qb7 17. Ne3 Nd4 18. Re1 a5 19. Nd5+ Nxd5 20. exd5 Bf5 21. Be3 Bxd3 22. Qxd3 Kf6 23. Bxd4 exd4 24. Qxd4+ Kg6 25. Re4 Rhe8 26. Rae1 Rxe4 27. Qxe4+ Kg7 28. h4 Qd7 29. hxg5 hxg5 30. Re3 Rh8 31. Qd4+ Kg8 32. Qf6 Rh7 33. Re7 Qc8 34. c5 Kf8 35. Qxd6 Kg8 36. Rd7 Kg7 37. Qe5+ 1-0

[Event "FIDE WSTC Open 65 2025"]
[Site "Prague"]
[Date "2025.02.20"]
[Round "4.42"]
[White "Sejkora, Vlastimil"]
[Black "Boulard, Eric"]
[Result "1/2-1/2"]
[Annotator "ChessBase"]
[ECO "C67"]
[WhiteElo "2121"]
[BlackElo "2162"]
[PlyCount "20"]
[EventDate "2025.02.17"]
[EventType "team-tourn"]
[EventCountry "CZE"]
[SourceTitle "playchess.com"]
[Source "ChessBase"]
[SourceQuality "1"]
[TimeControl "40/5400+30:1800+30"]

1. e4 e5 2. Nf3 Nc6 3. Bb5 Nf6 4. O-O Nxe4 5. Qe2 Nd6 6. Bxc6 dxc6 7. Qxe5+ Qe7 8. Qa5 Qd8 9. Qe5+ Qe7 10. Qa5 Qd8 1/2-1/2

[Event "FIDE WSTC Open 65 2025"]
[Site "Prague"]
[Date "2025.02.20"]
[Round "4.43"]
[White "Fayard, Alain"]
[Black "Mlynek, Petr"]
[Result "1/2-1/2"]
[Annotator "NA"]
[ECO "A90"]
[WhiteElo "2117"]
[BlackElo "2023"]
[PlyCount "53"]
[EventDate "2025.02.17"]
[EventType "team-tourn"]
[EventCountry "CZE"]
[SourceTitle "playchess.com"]
[Source "ChessBase"]
[SourceQuality "1"]
[TimeControl "40/5400+30:1800+30"]

1. d4 d5 2. c4 c6 3. Nf3 e6 4. Nc3 f5 5. g3 Nf6 6. Bg2 Bd6 7. O-O O-O 8. b3 Nbd7 9. a4 Qe7 10. Bb2 b6 11. a5 Ba6 12. Nd2 b5 13. Qc2 bxc4 14. bxc4 Rab8 15. Rfe1 Rb7 16. Ra2 Rfb8 17. Ba1 Ne4 18. c5 Bc7 19. f3 Nxd2 20. Qxd2 e5 21. Nxd5 cxd5 22. c6 Rb1 23. cxd7 e4 24. Rb2 R8xb2 25. Bxb2 Rxe1+ 26. Qxe1 Qxd7 27. Bc3 1/2-1/2

[Event "FIDE WSTC Open 65 2025"]
[Site "Prague"]
[Date "2025.02.20"]
[Round "4.44"]
[White "Papay, Jindrich"]
[Black "Pivard, Jean-Louis"]
[Result "1/2-1/2"]
[Annotator "ChessBase"]
[ECO "A03"]
[WhiteElo "1937"]
[BlackElo "1970"]
[PlyCount "90"]
[EventDate "2025.02.17"]
[EventType "team-tourn"]
[EventCountry "CZE"]
[SourceTitle "playchess.com"]
[Source "ChessBase"]
[SourceQuality "1"]
[TimeControl "40/5400+30:1800+30"]

1. f4 d5 2. Nf3 Nf6 3. g3 g6 4. Bg2 Bg7 5. O-O O-O 6. d3 c5 7. c3 Nc6 8. Na3 Rb8 9. Ne5 Bf5 10. Nc2 Qb6 11. Ne3 Be6 12. Nxc6 bxc6 13. f5 Bd7 14. g4 Bh6 15. Nxd5 cxd5 16. Bxh6 Nxg4 17. Bf4 Bxf5 18. h3 c4+ 19. d4 Nf6 20. Bxb8 Rxb8 21. Rxf5 gxf5 22. Rb1 Qe6 23. Qd2 Kh8 24. Qf4 Nd7 25. Kf2 Rg8 26. Bf3 Qg6 27. Ke3 e5 28. dxe5 Re8 29. Kd2 Rxe5 30. Rf1 f6 31. Qd4 Qh6+ 32. Kc2 Qe3 33. b3 Nb6 34. Qxe3 Rxe3 35. Kd2 Re5 36. Rb1 Kg7 37. bxc4 dxc4 38. a4 Ra5 39. Rb5 Rxa4 40. Rxf5 Nd7 41. Rb5 Ne5 42. Be4 Ng6 43. h4 Nxh4 44. Rb7+ Kh6 45. Rxh7+ Kg5 1/2-1/2

[Event "FIDE WSTC Open 65 2025"]
[Site "Prague"]
[Date "2025.02.20"]
[Round "4.45"]
[White "Mojzis, Jaroslav"]
[Black "Houston, David"]
[Result "0-1"]
[Annotator "ChessBase"]
[ECO "E69"]
[WhiteElo "2089"]
[BlackElo "2235"]
[PlyCount "118"]
[EventDate "2025.02.17"]
[EventType "team-tourn"]
[EventCountry "CZE"]
[SourceTitle "playchess.com"]
[Source "ChessBase"]
[SourceQuality "1"]
[TimeControl "40/5400+30:1800+30"]

1. Nf3 Nf6 2. g3 g6 3. Bg2 Bg7 4. O-O O-O 5. c4 d6 6. d4 c6 7. Nc3 Nbd7 8. e4 e5 9. Re1 Qc7 10. h3 a6 11. b3 b6 12. Bb2 Bb7 13. Rc1 Rfe8 14. Rc2 Rad8 15. Rce2 h6 16. Qc2 Nf8 17. d5 c5 18. Bc1 Kh7 19. Rf1 Ng8 20. Nh2 Bc8 21. Nf3 Bd7 22. a4 Rb8 23. Be3 b5 24. axb5 axb5 25. cxb5 Bxb5 26. Nxb5 Rxb5 27. Ra1 Reb8 28. Nd2 Ne7 29. Ree1 f5 30. f3 f4 31. Bf2 fxg3 32. Bxg3 g5 33. Ra6 Nfg6 34. Rea1 Nc8 35. Ra8 Nf4 36. Bf1 R5b7 37. R1a4 Rxa8 38. Rxa8 Nb6 39. Ra6 h5 40. Qc3 Qd7 41. Qa5 Nc8 42. Kh2 g4 43. fxg4 hxg4 44. Qa4 Qe7 45. Qa5 Qg5 46. h4 Qf6 47. Ra8 Nh5 48. Rxc8 Nxg3 49. Kxg3 Qf4+ 50. Kg2 Rf7 51. Kh1 Qg3 52. Rc7 Qxh4+ 53. Kg1 Qf2+ 54. Kh1 Rf6 55. Rxg7+ Kxg7 56. Qc7+ Kg6 57. Qc8 Kg5 58. Qg8+ Kf4 59. Qg7 Kg3 0-1

[Event "FIDE WSTC Open 65 2025"]
[Site "Prague"]
[Date "2025.02.20"]
[Round "4.46"]
[White "Wallace, John Paul"]
[Black "Svanda, Pavel"]
[Result "1/2-1/2"]
[Annotator "RC"]
[ECO "C43"]
[WhiteElo "2351"]
[BlackElo "2080"]
[PlyCount "112"]
[EventDate "2025.02.17"]
[EventType "team-tourn"]
[EventCountry "CZE"]
[SourceTitle "playchess.com"]
[Source "ChessBase"]
[SourceQuality "1"]
[TimeControl "40/5400+30:1800+30"]

1. e4 e5 2. Nf3 Nf6 3. Nxe5 d6 4. Nf3 Nxe4 5. d4 d5 6. Bd3 Be7 7. O-O O-O 8. c4 Nf6 9. Nc3 c6 10. Ne5 Nbd7 11. Bf4 dxc4 12. Nxd7 Bxd7 13. Bxc4 Bg4 14. Qd3 Nd5 15. Bxd5 cxd5 16. Qb5 Bf6 17. Nxd5 Bxd4 18. Qxb7 Bxb2 19. Rab1 Ba3 20. h3 Bf5 21. Rb3 Be4 22. Nf6+ Qxf6 23. Qxe4 Rfe8 24. Qa4 Bc5 25. Rf3 Qe7 26. Be3 Bb6 27. Rb1 Red8 28. Qg4 Bxe3 29. Rxe3 Qd7 30. Qf3 Rab8 31. Reb3 Rxb3 32. Rxb3 g6 33. Rb7 Qd1+ 34. Qxd1 Rxd1+ 35. Kh2 Rd2 36. Rxa7 Rxf2 37. Kg3 Rc2 38. h4 Kg7 39. Kf3 h5 40. Ra4 Rc3+ 41. Kf4 Rc2 42. g3 Rb2 43. Ra3 Re2 44. Kf3 Re1 45. Re3 Ra1 46. a3 f6 47. Ke4 Kh6 48. Rf3 Kg7 49. Rb3 Kh6 50. Rf3 Kg7 51. Kd5 g5 52. hxg5 fxg5 53. Ke6 g4 54. Rf7+ Kg6 55. Rf6+ Kg5 56. Rf5+ Kg6 1/2-1/2

[Event "FIDE WSTC Open 65 2025"]
[Site "Prague"]
[Date "2025.02.20"]
[Round "4.47"]
[White "Nemec, Pavel"]
[Black "Smith, Andrew Philip"]
[Result "1-0"]
[Annotator "ChessBase"]
[ECO "C60"]
[WhiteElo "2117"]
[BlackElo "2117"]
[PlyCount "97"]
[EventDate "2025.02.17"]
[EventType "team-tourn"]
[EventCountry "CZE"]
[SourceTitle "playchess.com"]
[Source "ChessBase"]
[SourceQuality "1"]
[TimeControl "40/5400+30:1800+30"]

1. e4 e5 2. Nf3 Nc6 3. Bb5 g6 4. d3 Nge7 5. Nc3 Bg7 6. h4 h6 7. h5 g5 8. Nxg5 hxg5 9. Bxg5 f6 10. h6 Ng8 11. Qh5+ Ke7 12. Qg6 Qf8 13. hxg7 Rxh1+ 14. Kd2 Qf7 15. Nd5+ Ke8 16. Nxc7+ Ke7 17. Qxf7+ Kxf7 18. Rxh1 Rb8 19. Bc4+ Kxg7 20. Ne8+ Kg6 21. Be3 Nce7 22. f4 d5 23. exd5 b5 24. Bb3 Bb7 25. Nc7 a6 26. g4 exf4 27. Bxf4 Rd8 28. c4 Bc8 29. Rh4 b4 30. Bc2 a5 31. Ne6 Bxe6 32. dxe6 Kg7 33. Rh5 Ng6 34. Bc7 Re8 35. Bxa5 Rxe6 36. Bxb4 Nh6 37. g5 Ng4 38. gxf6+ Kxf6 39. Bc3+ Ke7 40. Bd1 Ne3 41. Rh7+ Kf8 42. Bd4 Nf5 43. Bc5+ Kg8 44. Rh5 Ng3 45. Rg5 Nf1+ 46. Kc3 Kh7 47. Bg4 Rc6 48. Bd4 Nf4 49. Rf5 1-0

[Event "FIDE WSTC Open 65 2025"]
[Site "Prague"]
[Date "2025.02.20"]
[Round "4.48"]
[White "Noone, Joe"]
[Black "Vavruska, Antonin"]
[Result "1-0"]
[Annotator "ChessBase"]
[ECO "A00"]
[WhiteElo "1934"]
[BlackElo "1926"]
[PlyCount "95"]
[EventDate "2025.02.17"]
[EventType "team-tourn"]
[EventCountry "CZE"]
[SourceTitle "playchess.com"]
[Source "ChessBase"]
[SourceQuality "1"]
[TimeControl "40/5400+30:1800+30"]

1. b4 e5 2. Bb2 e4 3. c4 Nf6 4. a3 a5 5. b5 Bc5 6. d4 exd3 7. Qxd3 O-O 8. e3 d6 9. Be2 Nbd7 10. Nf3 Bb6 11. Nbd2 Nc5 12. Qc2 a4 13. O-O Bg4 14. Nd4 Bxe2 15. Nxe2 Qe7 16. Ng3 Ncd7 17. Nf3 Rfe8 18. Rae1 g6 19. Bd4 Ne4 20. Ne2 f5 21. Nf4 Qf7 22. Ba1 Ba5 23. Re2 Ndc5 24. Nd4 h6 25. Nd5 Nf6 26. Nxf5 gxf5 27. Nxf6+ Kf8 28. Qxf5 Ne4 29. Nd7+ Kg8 30. Qg4+ Kh7 31. f3 h5 32. Qh3 Nc3 33. Rc2 Rxe3 34. Rfc1 Ne2+ 35. Rxe2 Rxe2 36. Nf6+ Kh6 37. c5 Bd2 38. Rd1 Re1+ 39. Rxe1 Bxe1 40. Qf5 Rf8 41. Qf4+ Kg6 42. Qe4+ Kh6 43. Qxe1 Qb3 44. Bc3 Qxb5 45. Qe3+ Kg6 46. Qe4+ Kf7 47. Qd5+ Ke7 48. cxd6+ 1-0

[Event "FIDE WSTC Open 65 2025"]
[Site "Prague"]
[Date "2025.02.21"]
[Round "5.1"]
[White "Nunn, John D M"]
[Black "Knaak, Rainer"]
[Result "1/2-1/2"]
[Annotator "TA"]
[ECO "C90"]
[WhiteElo "2533"]
[BlackElo "2464"]
[PlyCount "93"]
[EventDate "2025.02.17"]
[EventType "team-tourn"]
[EventCountry "CZE"]
[SourceTitle "playchess.com"]
[Source "ChessBase"]
[SourceQuality "1"]
[TimeControl "40/5400+30:1800+30"]

1. e4 e5 2. Nf3 Nc6 3. Bb5 a6 4. Ba4 Nf6 5. O-O Be7 6. d3 b5 7. Bb3 d6 8. c3 O-O 9. Nbd2 Re8 10. Re1 Na5 11. Bc2 c5 12. d4 {[%emt 0:01:39] C90: Closed Ruy Lopez with 7...d6: Early deviations.} cxd4 13. cxd4 exd4 14. Nxd4 Bb7 15. Nf1 Bf8 16. Ng3 d5 17. e5 Ne4 {[%emt 0:07:23] Against Bg5} 18. Bf4 $146 (18. b3 $11 {is superior.}) (18. Nxe4 dxe4 19. Bxe4 Bxe4 20. Rxe4 Nc4 21. Qe2 Nxe5 22. Rxe5 Qxd4 23. Rxe8 Rxe8 24. Be3 Qd5 25. Qd2 Qxd2 26. Bxd2 Rc8 27. Rc1 {½-½ Divitt,A (1889)-Navoyan,G (2105) Arandjelovac op 2nd 2023 (3)}) 18... Nc4 $15 19. b3 {[%emt 0:21:54] [#]} (19. Nxe4 $15 dxe4 20. Bxe4 Bxe4 21. Rxe4) 19... Nxe5 (19... Qh4 $1 $17 20. Nxe4 Qxf4 21. Nf6+ gxf6) 20. Nxe4 $11 dxe4 21. Bxe4 Bxe4 22. Rxe4 Qd5 23. Rxe5 ({But not} 23. Qe2 $2 Nd3 24. Rxe8 Nxf4 25. Rxf8+ Rxf8 $19) 23... Rxe5 24. Bxe5 Qxe5 25. Nf3 Qb2 26. Qc1 {[%emt 0:00:43] Against Bc5} Qe2 27. h3 Rd8 28. a4 b4 29. Qf1 Qd3 30. Rb1 f6 31. Rb2 {[%emt 0:03:07] White is weak on the dark squares} Qd1 32. Rb1 Qc2 33. Qc1 Qd3 (33... Qxc1+ {simplifies} 34. Rxc1 Rd3 35. Rb1 Rc3) 34. Qe1 Kf7 35. Rb2 {[%emt 0:01:12] [#] Rd2 would now be deadly.} Qd1 36. Kf1 Qxe1+ 37. Nxe1 {[%emt 0:01:32][%mdl 4096] Endgame KRB-KRN} Rd1 38. Ke2 Ra1 39. Nd3 Ke6 40. Rc2 Rb1 41. Rc6+ Kd5 42. Rxa6 Rxb3 43. a5 Ra3 44. Ra8 Bd6 {[%emt 0:00:35] White must now prevent ...b3.} 45. a6 $1 Ra2+ 46. Ke3 Ra3 47. Ke2 {[%emt 0:00:14] Weighted Error Value: White=0.10 (very precise) /Black=0.11 (very precise)   Mistake:       	White=2     	Black=1      Inaccurate:     	White=3     	Black=3      OK:         	White=15    	Black=15     Best:        	White=2     	---        Strong:       	White=1     	---} 1/2-1/2